 Dungeon Crawl Stone Soup version 0.26.0-7-g794d0892b4 (webtiles) character file.

Game seed: 7186881850470266937

40 streetpizza the Skirmisher (level 3, -3/30 HPs)
             Began as a Merfolk Wanderer on Jan 11, 2021.
             Slain by Robin
             ... wielding a +0 spear
              (4 damage)
             ... on level 2 of the Dungeon.
             The game lasted 00:03:53 (1175 turns).

streetpizza the Skirmisher (Merfolk Wanderer)       Turns: 1175, Time: 00:03:54

Health: -3/30      AC:  4    Str: 12    XL:     3   Next: 50%
Magic:  3/3        EV: 12    Int: 12    God:
Gold:   80         SH:  0    Dex: 13    Spells: 2/2 levels left

rFire    . . .     SeeInvis .   a - +0 spear
rCold    . . .     Faith    .   (no shield)
rNeg     . . .     Spirit   .   c - +0 leather armour
rPois    .         Reflect  .   (no helmet)
rElec    .         Harm     .   (no cloak)
rCorr    .         Rampage  .   i - +0 pair of gloves
Will     .....                  (no boots)
Stlth    +.........             (no amulet)
HPRegen  0.10/turn              (no ring)
MPRegen  0.08/turn              (no ring)

@: about to teleport
A: change form in water, swift swim, stealthy swim
a: no special abilities


You were on level 2 of the Dungeon.
You visited 1 branch of the dungeon, and saw 2 of its levels.

You collected 80 gold pieces.

Inventory:

Hand Weapons
 a - a +0 spear (weapon)
Missiles
 b - 4 throwing nets (quivered)
Armour
 c - a +0 leather armour (worn)
 i - a +0 pair of gloves (worn)
Jewellery
 j - a cursed ring of teleportation {unknown}
Scrolls
 e - a scroll of identify {unknown}
 g - 2 scrolls of remove curse {unknown}
 k - a scroll of fog {unknown}
 m - a scroll of random uselessness {unknown}
Potions
 f - a potion of curing {unknown}
 h - a potion of magic {unknown}
 l - a potion of resistance {unknown}


   Skills:
 + Level 4.1 Fighting
 - Level 1.1(1.4) Axes
 + Level 2.6(3.0) Polearms
 - Level 1.4 Armour
 + Level 2.3 Dodging
 - Level 1.1 Stealth
 - Level 1.0 Shields


You had 2 spell levels left.
You didn't know any spells.
Your spell library was empty.

Dungeon Overview and Level Annotations

Branches:
Dungeon (2/15)

Altars:
Vehumet

Annotations:
D:2 Robin


Message History

The goblin hits you but does no damage. The goblin closely misses you.
The goblin barely misses you.
You hit the goblin.
The goblin is moderately wounded.
The hobgoblin hits you with a +0 club. The goblin hits you but does no damage.
Robin hits you from afar with a +0 spear.
* * * LOW HITPOINT WARNING * * *
The goblin closely misses you. The goblin hits you.
* * * LOW HITPOINT WARNING * * *
You hit the goblin.
You kill the goblin!
The hobgoblin hits you with a +0 club.
* * * LOW HITPOINT WARNING * * *
The goblin hits you with a +0 dagger.
* * * LOW HITPOINT WARNING * * *
Robin throws the goblin at you! The goblin barely misses you.
You completely miss the goblin. The hobgoblin barely misses you.
The goblin hits you but does no damage.
Robin hits you from afar with a +0 spear.
You die...

##.#.#. #..#.#. ........
####################.#.#
#....................#..
#..#...#...#...#...#....
#_....g..............#..
#..#.gg#g..#...#...###..
#....÷g@gg..........##..
########################
. . . . .


You could see Robin, 2 hobgoblins and 4 goblins.

Vanquished Creatures
  An adder (D:2)
  A worm (D:2)
  A leopard gecko (D:2)
  A ball python (D:1)
  5 goblins
  5 hobgoblins
  4 bats (D:1)
  2 frilled lizards (D:1)
  3 kobolds
  4 rats
27 creatures vanquished.

Notes
Turn   | Place    | Note
-------+----------+-------------------------------------------
     0 | D:1      | streetpizza the Merfolk Wanderer began the quest for the
                  | Orb.
     0 | D:1      | streetpizza set off with the following items: a +0 spear, 4
                  | throwing nets, a +0 leather armour, a scroll of
                  | teleportation
     0 | D:1      | Reached XP level 1. HP: 18/18 MP: 1/1
   175 | D:1      | Reached XP level 2. HP: 22/25 MP: 2/2
   781 | D:2      | Noticed Robin
   796 | D:2      | Reached XP level 3. HP: 29/30 MP: 3/3
   797 | D:2      | Reached skill level 4 in Fighting
   888 | D:2      | Found a radiant altar of Vehumet.
  1174 | D:2      | HP: 1/30 [goblin/+0 dagger[Robin] (4)]
  1175 | D:2      | Slain by Robin

Illustrated notes

Levels and vault maps discovered:
D:1:      amcnicky_arrival_single_pillar, layout_basic
D:2:      layout_rooms, lemuel_coloured_pillars_altar, old_standard_altar,
          uniq_robin

Skill      XL: |  1  2  3 |
---------------+----------+-----
Polearms       | 2 |  2.6
Dodging        | 2 |  2.3
Fighting       | 4 |  4.1
Axes           | |  1.1
Armour         | |  1.4
Stealth        | |  1.1
Shields        | |  1.0

Action                   || total
-------------------------++-------
Melee: Spear             ||    99
  Use: Scroll            ||     1
Armor: Leather armour    ||    29
Dodge: Dodged            ||    58
